AoeStats
← Alfio

African Clearing

510523157Analyzed
4v4 RM · 2d ago on Oct 1, 2026· 70m 22s· 8 players
Game mode
Random Map
Map size
Large (8 player)
Population
200
Speed
Normal
Resources
Standard
Victory
Conquest
Starting age
Dark Age
Ending age
Imperial Age
RankedLock teamsTeams togetherTeam positionsShared explorationLock speedFull tech treeHidden civsTurbo modeCheats
Victory
Defeat
🇨🇳 Spanish · China
1341
+16
🇫🇮 Huns · Finland
1282
+18
🇮🇹 Mongols · Italy
1264
+19
🇮🇱 Vikings · Israel
1259
+19
🇭🇰 Magyars · Hong Kong SAR China
1370
-20
🇨🇳 Varangians · China
1353
-19
🇨🇳 Huns · China
1296
-17
🇨🇳 Italians · China
1291
-16
kim.henrik.himanen69
3:41 Loom
16:16 Feudal Age
16:22 Feudal Age
17:08 Double-Bit Axe
20:09 Castle Age
18:34 Fletching
19:30 Gold Mining
20:04 Bloodlines
19:57 Padded Archer Armor
21:00 Thumb Ring
20:53 Bodkin Arrow
21:25 Bow Saw
26:07 Ballistics
26:40 Husbandry
30:42 Leather Archer Armor
42:44 Imperial Age
41:59 Wheelbarrow
41:10 Town Watch
43:53 Parthian Tactics
43:33 Bracer
45:00 Chemistry
44:33 Horse Collar
44:46 Heavy Cavalry Archer
60:17 Heavy Plow
Alfio
13:16 Feudal Age
14:26 Loom
17:21 Castle Age
15:50 Loom
17:14 Double-Bit Axe
25:22 Padded Archer Armor
25:15 Fletching
28:52 Wheelbarrow
28:59 Padded Archer Armor
32:49 Bodkin Arrow
33:27 Horse Collar
34:24 Hand Cart
39:30 Ballistics
43:16 Leather Archer Armor
43:34 Husbandry
43:45 Bloodlines
43:39 Light Cavalry
48:27 Imperial Age
46:10 Bow Saw
47:24 Forging
47:21 Scale Barding Armor
47:21 Heavy Plow
47:19 Murder Holes
47:48 Nomads
48:33 Hussar
49:26 Elite Mangudai
50:56 Bracer
52:05 Chemistry
52:24 Iron Casting
52:09 Chain Barding Armor
54:14 Capped Ram
55:27 Drill
55:27 Conscription
55:34 Conscription
55:53 Hoardings
57:02 Siege Ram
_XD_XiaoXiao
6:15 Loom
13:54 Feudal Age
17:46 Town Watch
21:11 Castle Age
20:19 Horse Collar
23:02 Double-Bit Axe
25:56 Bow Saw
27:25 Wheelbarrow
31:39 Padded Archer Armor
34:52 Leather Archer Armor
36:54 Heavy Plow
36:52 Fletching
37:33 Hand Cart
37:02 Elite Skirmisher
37:54 Bodkin Arrow
39:07 Ballistics
45:09 Imperial Age
44:35 Thumb Ring
46:12 Bracer
47:30 Chemistry
47:18 Ring Archer Armor
50:07 Scale Barding Armor
50:13 Forging
50:15 Bloodlines
50:06 Husbandry
49:26 Light Cavalry
51:53 Chain Barding Armor
52:44 Iron Casting
52:46 Stone Mining
52:47 Gold Mining
54:00 Plate Barding Armor
54:16 Hussar
55:58 Blast Furnace
56:43 Two-Man Saw
61:01 Conscription
65:47 Hoardings
Mike
8:33 Loom
14:40 Feudal Age
18:25 Castle Age
18:40 Scale Mail Armor
18:54 Double-Bit Axe
21:30 Bow Saw
23:26 Horse Collar
29:48 Chain Mail Armor
29:44 Forging
29:52 Heavy Plow
30:19 Fletching
30:36 Padded Archer Armor
31:26 Bodkin Arrow
31:56 Gold Mining
31:57 Stone Mining
31:50 Elite Skirmisher
32:46 Leather Archer Armor
32:53 Ballistics
33:42 Squires
33:27 Arson
35:46 Forging
48:54 Imperial Age
48:59 Elite Varangian Guard
49:47 Bracer
50:17 Ring Archer Armor
50:18 Plate Mail Armor
50:23 Iron Casting
50:49 Chemistry
49:45 Capped Ram
52:21 Two-Man Saw
51:52 Crop Rotation
52:11 Conscription
58:54 Blast Furnace
59:07 Town Watch
59:58 Gold Shaft Mining
66:47 Siege Ram
小公子
12:58 Feudal Age
15:18 Double-Bit Axe
17:25 Horse Collar
21:07 Castle Age
19:58 Fletching
21:22 Bloodlines
21:18 Gold Mining
22:50 Husbandry
23:54 Ballistics
24:27 Padded Archer Armor
26:33 Loom
29:52 Bodkin Arrow
31:57 Thumb Ring
37:55 Leather Archer Armor
41:59 Town Watch
42:51 Wheelbarrow
48:31 Imperial Age
47:10 Hand Cart
47:12 Bow Saw
48:34 Heavy Cavalry Archer
50:25 Chemistry
50:25 Parthian Tactics
50:18 Bracer
51:59 Ring Archer Armor
54:40 Gold Shaft Mining
53:55 Stone Mining
56:46 Light Cavalry
58:35 Recurve Bow
58:34 Hussar
59:24 Scale Barding Armor
62:01 Chain Barding Armor
63:00 Conscription
62:41 Corvinian Army
62:23 Elite Magyar Huszar
63:48 Plate Barding Armor
小叶
13:27 Feudal Age
19:38 Castle Age
18:41 Double-Bit Axe
20:06 Stone Mining
20:00 Horse Collar
21:17 Bow Saw
25:11 Loom
29:32 Wheelbarrow
29:17 Husbandry
31:13 Heavy Plow
36:31 Imperial Age
34:09 Marauders
34:43 Forging
34:39 Scale Barding Armor
35:22 Ballistics
34:59 Murder Holes
36:33 Bloodlines
37:08 Hand Cart
36:39 Town Watch
38:53 Chain Barding Armor
41:06 Squires
40:26 Man-at-Arms
42:24 Devotion
45:13 Plate Barding Armor
45:14 Iron Casting
45:39 Conscription
46:11 Elite Tarkan
46:57 Light Cavalry
49:05 Blast Furnace
47:57 Fletching
48:07 Padded Archer Armor
49:13 Chemistry
48:24 Masonry
49:36 Town Patrol
49:42 Gold Mining
50:55 Two-Man Saw
54:18 Hussar
55:02 Scale Mail Armor
54:57 Bodkin Arrow
55:18 Leather Archer Armor
59:37 Pikeman
61:39 Caravan
61:44 Long Swordsman
66:28 Elite Skirmisher
67:35 Parthian Tactics
66:34 Two-Handed Swordsman
斩邪留正
8:31 Loom
11:26 Feudal Age
14:10 Fletching
21:13 Town Watch
22:08 Padded Archer Armor
24:07 Wheelbarrow
26:38 Castle Age
26:33 Double-Bit Axe
28:12 Bow Saw
27:57 Gold Mining
27:41 Crossbowman
28:56 Bodkin Arrow
30:51 Ballistics
33:00 Hand Cart
45:16 Imperial Age
43:38 Thumb Ring
45:21 Arbalester
46:02 Bracer
46:18 Leather Archer Armor
46:59 Conscription
47:23 Stone Mining
49:31 Ring Archer Armor
49:41 Hoardings
50:13 Two-Man Saw
51:37 Guilds
51:04 Man-at-Arms
54:59 Chemistry
53:57 Murder Holes
53:43 Treadmill Crane
57:14 Town Patrol
58:40 Stone Shaft Mining
57:30 Elite Genoese Crossbowman
58:34 Silk Road
58:26 Pirotechnia
58:04 Onager
肥肠拌面
3:56 Loom
4:30 Loom
15:34 Feudal Age
20:36 Castle Age
19:34 Fishing Lines
19:44 Double-Bit Axe
24:46 Gillnets
27:22 Scale Barding Armor
32:06 Gold Mining
33:18 Chain Barding Armor
37:17 Horse Collar
43:19 Imperial Age
41:51 Vendel Legacy
44:53 Heavy Plow
45:02 Stone Mining
45:04 Elite Jarl
48:28 Forging
48:36 Gothikon
49:37 Conscription
50:59 Iron Casting
51:01 Plate Barding Armor
54:51 Blast Furnace
55:50 Wheelbarrow
65:54 Cavalier
66:45 Bloodlines
66:36 Husbandry
Connection lost

Rejoining the realm…

Still unreachable

The connection could not be restored.

Session expired

The server has moved on; the page needs a fresh start.